 Dungeon Crawl Stone Soup version 0.28-a0-664-gc179e30c89 (webtiles) character file.

Game seed: 13369571436721333827

70 KristoblXynda the Cutter (level 4, 0/28 HPs)
             Began as a Kobold Gladiator on Oct 16, 2021.
             Slain by a gnoll (6 damage)
             ... on level 2 of the Dungeon.
             The game lasted 00:01:41 (1812 turns).

KristoblXynda the Cutter (Kobold Gladiator)         Turns: 1812, Time: 00:01:42

Health: 0/28       AC:  5    Str: 12    XL:     4   Next: 44%
Magic:  4/4        EV: 15    Int:  9    God:
Gold:   64         SH:  0    Dex: 16    Spells: 3/3 levels left

rFire   . . .      SeeInvis .   a - +0 rapier
rCold   . . .      Faith    .   (shield restricted)
rNeg    . . .      Spirit   .   b - +0 leather armour
rPois   .          Reflect  .   c - +0 helmet
rElec   .          Harm     .   n - scarf {+Inv}
rCorr   .          Rampage  .   k - +0 pair of gloves
Will    .....                   (no boots)
Stlth   +++.......              (no amulet)
HPRegen 0.09/turn               (no ring)
MPRegen 0.09/turn               (no ring)

@: attractive
A: small, no large weapons, nightstalker 3
a: Evoke Invisibility


You were on level 2 of the Dungeon.
You visited 1 branch of the dungeon, and saw 3 of its levels.

You collected 64 gold pieces.

Inventory:

Hand Weapons
 a - a +0 rapier (weapon)
Missiles
 d - 3 throwing nets (quivered)
Armour
 b - a +0 leather armour (worn)
 c - a +0 helmet (worn)
 k - a +0 pair of gloves (worn)
 m - a +0 buckler
 n - a scarf of invisibility (worn)
Jewellery
 e - a ring of positive energy
 i - an amulet of faith
Scrolls
 g - a scroll of enchant weapon {unknown}
 h - a scroll of amnesia {unknown}
 j - a scroll of noise {unknown}
 l - 3 scrolls of blinking {unknown}
Potions
 f - a potion of attraction


   Skills:
 + Level 3.0 Fighting
 + Level 4.7 Short Blades
 - Level 2.1 Throwing
 + Level 4.3 Dodging
 + Level 2.5 Stealth


You had 3 spell levels left.
You didn't know any spells.
Your spell library contained the following spells:

 Spells                   Type           Power      Damage    Failure   Level
 Dazzling Flash           Conj/Hex       0%         N/A       83%         3
 Iskenderun's Mystic Bla  Conj/Tloc      0%         2d3       99%         4
 Starburst                Conj/Fire      0%         6d3       100%        6


Dungeon Overview and Level Annotations

Branches:
Dungeon (3/15)

Altars:


Innate Abilities, Weirdness & Mutations

You are small and have problems with some larger weapons.
You are completely attuned to the shadows.


Message History

The ball python grabs you. The ball python constricts you.
You closely miss the ball python.
A hobgoblin comes into view.
The gnoll hits you but does no damage. The ball python closely misses you.
The ball python constricts you.
You escape the ball python's grasp.
The gnoll hits you with a +0 whip.
There is a stone staircase leading up here.
The gnoll closely misses you. The gnoll misses you.
The ball python barely misses you. The ball python grabs you.
You stop ascending the stairs.
The ball python constricts you.
Unknown command.
You escape the ball python's grasp.
The gnoll barely misses you. The gnoll closely misses you.
You climb upwards.
There is a stone staircase leading down here.
The ball python misses you. The ball python barely misses you.
The gnoll hits you with a +0 club! The gnoll closely misses you.
The ball python bites you. The ball python grabs you.
The ball python constricts you. The gnoll hits you with a +0 club.
You escape the ball python's grasp.
The gnoll hits you with a +0 whip.
* * * LOW HITPOINT WARNING * * *
It was a potion of attraction.
You feel attractive to monsters. The gnoll closely misses you.
Okay, then.
You closely miss the gnoll. The gnoll completely misses you.
The gnoll is attracted toward you. The gnoll is attracted toward you.
You barely miss the gnoll. The gnoll hits you with a +0 whip.
* * * LOW HITPOINT WARNING * * *
The gnoll is attracted toward you. The gnoll is attracted toward you.
The gnoll is attracted toward you. The gnoll closely misses you.
The ball python bites you but does no damage.
The ball python grabs you. The ball python constricts you.
You escape the ball python's grasp.
The gnoll hits you with a +0 whip.
You die...

.[##.....# #.....##.#
#.##.....#####§..§.##'###
.......§....§..###......#
#.###.############......#######
..###.##.)....................#
...##g##......####............#
...##§##(.....##.S............#
##..#.##......##.g......#######
......##......##@g..#####
......##......##....#
......##......##....#
..............#######
.....>....##.####################
.####.........#..................
.##.........###.#################
.##.........# #.# # .##.........#
#.# #


You could see 2 gnolls and a ball python.

Vanquished Creatures
  A hound skeleton (D:2)
  A howler monkey skeleton (D:2)
  2 adders (D:2)
  3 ball pythons
  An endoplasm (D:2)
  2 giant cockroaches
  4 goblins (D:1)
  A hobgoblin (D:2)
  4 jackals (D:2)
  3 kobolds
  A bat (D:1)
  3 frilled lizards (D:2)
  4 rats
30 creatures vanquished.

Notes
Turn   | Place    | Note
-------+----------+-------------------------------------------
     0 | D:1      | KristoblXynda the Kobold Gladiator began the quest for the
                  | Orb.
     0 | D:1      | Reached XP level 1. HP: 12/12 MP: 1/1
    51 | D:1      | Found a faded altar of an unknown god.
   317 | D:1      | Reached XP level 2. HP: 18/18 MP: 2/2
   343 | D:1      | Reached skill level 1 in Stealth
   594 | D:2      | Reached XP level 3. HP: 16/22 MP: 3/3
  1261 | D:2      | Reached XP level 4. HP: 23/27 MP: 4/4
  1812 | D:2      | Slain by a gnoll

Illustrated notes

Levels and vault maps discovered:
D:1:      dpeg_arrival_radiant, layout_rooms, basic_ecumenical_altar
D:2:      layout_basic
D:3:      layout_rooms, mainiacjoe_overflow_brackets, lightli_temple_of_fire,
          serial_rivers, chequers_serial_rivers_room_a,
          chequers_serial_rivers_micro_c, chequers_serial_rivers_micro_e,
          chequers_serial_rivers_large_b, chequers_serial_rivers_large_a

Skill      XL: |  1  2  3  4 |
---------------+-------------+-----
Stealth        | 1 2 |  2.5
Dodging        | 4 |  4.3
Fighting       | 3 |  3.0
Short Blades   | |  4.7
Throwing       | |  2.1

Action                   |  1- 3 |  4- 6 || total
-------------------------+-------+-------++-------
Melee: Rapier            |    48 |    26 ||    74
  Use: Potion            |       |     1 ||     1
 Stab: Sleeping          |    11 |     1 ||    12
       Distracted        |     1 |       ||     1
Armor: Leather armour    |     7 |     6 ||    13
Dodge: Dodged            |    15 |    31 ||    46

Table legend: (Time is in decaauts)
 A = Elapsed time spent in this place.
 B = Non-inter-level travel time spent in this place.
 C = Inter-level travel time spent in this place.
 D = Time resting spent in this place.
 E = Time spent auto-exploring this place.
 F = Levels seen in this place.
 G = Mean time per level.
                   A        B        C        D        E       F      G
               +--------+--------+--------+--------+--------+-----+--------+
         Total |   1810 |   1770 |     40 |    195 |   1304 |   3 |  603.3 |
       Dungeon |   1810 |   1770 |     40 |    195 |   1304 |   3 |  603.3 |
               +--------+--------+--------+--------+--------+-----+--------+

Top non-repeatable levels by time:
     D:2: 1225 daAuts
     D:1: 576 daAuts
     D:3: 8 daAuts
